 Dungeon Crawl Stone Soup version 0.29-a0-322-g68df515428 (webtiles) character file.

Game seed: 3950428344107568367

6 Bnni the Skirmisher (level 1, 0/16 HPs)
             Began as an Octopode Fighter on Apr 5, 2022.
             Succumbed to a kobold's poison
             ... on level 1 of the Dungeon.
             The game lasted 00:00:26 (378 turns).

Bnni the Skirmisher (Octopode Fighter)               Turns: 378, Time: 00:00:27

Health: 0/16       AC:  1    Str: 15    XL:     1   Next: 90%
Magic:  1/1        EV: 13    Int: 10    God:
Gold:   59         SH:  4    Dex: 11    Spells: 0/0 levels left

rFire   . . .      SeeInvis +     - Unarmed
rCold   . . .      Faith    .   a - +0 buckler
rNeg    . . .      Spirit   .   (helmet restricted)
rPois   .          Reflect  .   (no amulet)
rElec   .          Harm     .   d - ring of resist corrosion
rCorr   +          Rampage  .   c - ring of see invisible
Will    .....                   (no ring)
Stlth   ++........              (no ring)
HPRegen 0.05/turn               (no ring)
MPRegen 0.07/turn               (no ring)
                                (no ring)
                                (no ring)

@: lethally poisoned (0 -> -13)
A: almost no armour, amphibious, 8 rings, camouflage 1, gelatinous body 1,
(nimble swimmer 1), tentacles
a: no special abilities


You were on level 1 of the Dungeon.
You visited 1 branch of the dungeon, and saw 1 of its levels.

You collected 59 gold pieces.

Inventory:

Armour
 a - a +0 buckler (worn)
Jewellery
 c - a ring of see invisible (right tentacle)
 d - a ring of resist corrosion (left tentacle)
Scrolls
 e - a scroll of identify {unknown}
Potions
 b - a potion of might


   Skills:
 + Level 3.1 Fighting
 - Level 3.0 Dodging
 - Level 3.0 Shields
 * Level 2.4 Unarmed Combat


You couldn't memorise any spells.
You didn't know any spells.
Your spell library was empty.

Dungeon Overview and Level Annotations

Branches:
Dungeon (1/15)

Altars:


Innate Abilities, Weirdness & Mutations

You cannot wear most types of armour.
You are amphibious.
You can wear up to eight rings at the same time.
Your skin changes colour to match your surroundings (Stealth+).
Your rubbery body absorbs attacks. (AC +1, EV +1)
((You are camouflaged when in or above water. (Stealth+)))
You have tentacles for arms and can constrict up to eight enemies at once.


Message History

The bat hits you.
You tentacle-slap the bat. Your squeeze misses the bat.
The bat is heavily wounded.
You constrict the bat. The bat barely misses you.
You tentacle-slap the bat.
You kill the bat!
You see here a bat corpse.
You now have 35 gold pieces (gained 7).
You now have 46 gold pieces (gained 11).
You open the door.
There is an open door here.
Found a stone staircase leading down.
You now have 59 gold pieces (gained 13).
A kobold comes into view. It is wielding a +2 whip of venom.
The kobold shouts!
Found a stone staircase leading down.
No target in view!
No target in view!
No target in view!
A bat comes into view.
The kobold hits you with a +2 whip of venom.
You are poisoned.
You barely miss the kobold. Your grab misses the kobold.
You feel sick. The kobold misses you.
You are too injured to fight recklessly!
You are too injured to fight recklessly!
You closely miss the kobold. You grab the kobold.
You constrict the kobold, but do no damage.
You feel sick. The bat closely misses you. You block the kobold's attack.
You tentacle-slap the kobold but do no damage.
You squeeze the kobold, but do no damage.
You constrict the kobold.
You feel sick. The bat misses you. x2
The kobold hits you with a +2 whip of venom.
* * * LOW HITPOINT WARNING * * *
You are more poisoned.
You tentacle-slap the bat.
You kill the bat!
You constrict the kobold.
You kill the kobold!
You die...

.#.# .#.### ... .....#
..#.# ####.#########
#....# ..............
......
####.#####.#.#####.#...#
#.# #.............#
####)#####.#....†......#
................@)...>..
#####.####.#.....#.#..##
.........#.#.###.# #
#####..#.#.......#
........####.#####.#
............)......#
.####...####.####### .#
#..............# .#
#..#####.#####.#


There were no monsters in sight!

Vanquished Creatures
  A goblin (D:1)
  A ball python (D:1)
  3 bats (D:1)
  A frilled lizard (D:1)
  A kobold (D:1)
  A rat (D:1)
  A spectral goblin (D:1)
9 creatures vanquished.

Notes
Turn   | Place    | Note
-------+----------+-------------------------------------------
     0 | D:1      | Bnni the Octopode Fighter began the quest for the Orb.
     0 | D:1      | Reached XP level 1. HP: 16/16 MP: 1/1
   127 | D:1      | Found a faded altar of an unknown god.
   378 | D:1      | Succumbed to a kobold's poison

Illustrated notes

Levels and vault maps discovered:
D:1:      amcnicky_arrival_underground_garden, layout_basic,
          dreamdust_ecumenical_altar_drowned_temple

Action                   || total
-------------------------++-------
Melee: Unarmed           ||    17
       Constrict         ||     3
       Tentacles         ||     3
 Stab: Sleeping          ||     2
Armor: Skin              ||     1
Dodge: Dodged            ||    12
Block: Buckler           ||     5

Table legend: (Time is in decaauts)
 A = Elapsed time spent in this place.
 B = Non-inter-level travel time spent in this place.
 C = Inter-level travel time spent in this place.
 D = Time resting spent in this place.
 E = Time spent auto-exploring this place.
 F = Levels seen in this place.
 G = Mean time per level.
                   A        B        C        D        E       F      G
               +--------+--------+--------+--------+--------+-----+--------+
         Total |    376 |    376 |      0 |      0 |    306 |   1 |  376.0 |
       Dungeon |    376 |    376 |      0 |      0 |    306 |   1 |  376.0 |
               +--------+--------+--------+--------+--------+-----+--------+

Top non-repeatable levels by time:
     D:1: 376 daAuts
